 Dungeon Crawl Stone Soup version 0.28.0-53-g5a82cb258f (webtiles) character file.

Game seed: 15141071082003754202

38665 cbfl8 the Severer (level 13, -5/122 HPs)
             Began as a Minotaur Berserker on July 26, 2022.
             Was a High Priest of Trog.
             Slain by a two-headed ogre
             ... wielding a +0 giant club
              (12 damage)
             ... on level 15 of the Dungeon.
             The game lasted 00:24:40 (20041 turns).

cbfl8 the Severer (Minotaur Berserker)             Turns: 20041, Time: 00:24:41

Health: -5/122     AC: 22    Str: 33    XL:     13   Next: 65%
Magic:  0/12       EV: 15    Int:  8    God:    Trog [*****.]
Gold:   415        SH:  0    Dex: 14    Spells: 12/12 levels left

rFire   . . .      SeeInvis .   L - +5 battleaxe of the Shore {flame, +Blink Will+ rCorr}
rCold   . . .      Faith    .   (shield currently unavailable)
rNeg    + . .      Spirit   +   S - +6 scale mail of the Well-Known Towns {Int+4 Stlth+}
rPois   .          Reflect  .   D - +2 hat of the Bear Spirit {Spirit, *Rage Will++}
rElec   .          Harm     .   (no cloak)
rCorr   +          Rampage  .   (no gloves)
Will    +++..      Rage     20% K - +0 pair of boots
Stlth   +++.......              (no amulet)
HPRegen 0.30/turn               c - +6 ring of strength
MPRegen 0.13/turn               R - ring "Vocsis" {rN+ AC+4 Str+4}

@: about to teleport, on berserk cooldown, slowed, very slow
A: horns 2, retaliatory headbutt
a: Renounce Religion, Evoke Blink, Berserk, Trog's Hand, Brothers in Arms


You were on level 15 of the Dungeon.
You worshipped Trog.
Trog was extremely pleased with you.
You visited 1 branch of the dungeon, and saw 15 of its levels.
You also visited: Bailey.

You collected 593 gold pieces.
You spent 178 gold pieces at shops.

Inventory:

Hand Weapons
 C - a +0 battleaxe
 L - the +5 battleaxe of the Shore (weapon) {flame, +Blink Will+ rCorr}
   (Trog gifted it to you on level 11 of the Dungeon)

   It burns those it strikes, dealing additional fire damage.
   Big, fiery blades are also staple armaments of hydra-hunters.
   +Blink:    It lets you blink.
   rCorr:     It protects you from acid and corrosion.
   Will:      It increases your willpower.
Missiles
 J - 2 throwing nets
Armour
 t - a +0 plate armour
 u - a +0 buckler
 D - the +2 hat of the Bear Spirit (worn) {Spirit, *Rage Will++}
   (You found it on level 8 of the Dungeon)

   Going berserk makes the wearer tougher, and they're slowed less afterward.
   *Rage:     It berserks you when you make melee attacks (+20% chance).
   Will:      It greatly increases your willpower.
 K - a +0 pair of boots (worn)
 S - the +6 scale mail of the Well-Known Towns (worn) {Int+4 Stlth+}
   (You found it on level 14 of the Dungeon)

   Int:       It affects your intelligence (+4).
   Stlth:     It makes you more stealthy.
Jewellery
 c - a +6 ring of strength (left hand)
 q - an amulet of regeneration
 x - a ring of fire
 y - a ring of protection from fire
 R - the ring "Vocsis" (right hand) {rN+ AC+4 Str+4}
   (You took it off a yaktaur on level 12 of the Dungeon)

   [ring of protection]

   AC:        It affects your AC (+4).
   Str:       It affects your strength (+4).
   rN:        It protects you from negative energy.
Wands
 a - a wand of flame (6)
 b - a wand of iceblast (10)
 w - a wand of digging (4)
 E - a wand of paralysis (3)
 G - a wand of mindburst (14) (quivered)
 M - a wand of charming (4)
 O - a wand of acid (6)
Scrolls
 d - a scroll of magic mapping
 g - a scroll of holy word {unknown}
 i - a scroll of noise {unknown}
 l - 2 scrolls of amnesia
 n - a scroll of fear {unknown}
 o - 2 scrolls of enchant weapon
 p - 7 scrolls of teleportation
 v - 2 scrolls of fog
 A - a scroll of blinking {unknown}
 I - a scroll of immolation {unknown}
 N - a scroll of brand weapon {unknown}
Potions
 e - 10 potions of mutation
 f - 3 potions of cancellation {unknown}
 h - 3 potions of flight
 j - 5 potions of invisibility
 k - 2 potions of degeneration {unknown}
 m - 5 potions of ambrosia
 r - 2 potions of haste {unknown}
 s - 3 potions of heal wounds
 z - 3 potions of magic
 B - 2 potions of might {unknown}
 F - 3 potions of attraction {unknown}
 H - 4 potions of curing {unknown}
 P - a potion of berserk rage {unknown}
 Q - 2 potions of lignification {unknown}


   Skills:
 * Level 13.5 Fighting
 + Level 15.3 Axes
 + Level 11.2 Armour
 * Level 10.2 Dodging
 * Level 8.0 Stealth
 + Level 1.3 Shields
 * Level 6.8 Evocations


You had 12 spell levels left.
You didn't know any spells.
Your spell library was empty.

Dungeon Overview and Level Annotations

Branches:
Dungeon (15/15)            Temple (0/1) D:6            Lair (0/6) D:11
    Orc (0/2) D:9          Vaults (0/5) D:14         Bailey (visited)
 Depths: D:15

Altars:
Elyvilon

Shops:
D:7 ?   D:9 ?   D:12 =*

Portals:
Trove: D:11 (give 2 scrolls of acquirement)

Annotations:
D:5 3 runed translucent doors, Agrostarius's ghost, novice DsBe; BiteMe's ghost, novice DsVM; DemonSlayer's ghost, amateur DsFE
D:12 3 runed translucent doors


Innate Abilities, Weirdness & Mutations

You have a pair of horns on your head.
You reflexively headbutt those who attack you in melee.


Message History

You slash the two-headed ogre! You burn the two-headed ogre!
You hit the ogre mage. You burn the ogre mage.
The two-headed ogre closely misses you.
The two-headed ogre hits you with a +0 giant spiked club.
The boulder beetle bites you but does no damage.
The ogre mage closely misses you.
You slash the two-headed ogre! You burn the two-headed ogre.
The two-headed ogre is heavily wounded.
You slash the two-headed ogre! You burn the two-headed ogre.
You slice the boulder beetle!! You burn the boulder beetle.
You closely miss the ogre mage. You slash the two-headed ogre!
You burn the two-headed ogre.
The two-headed ogre barely misses you. x2
The two-headed ogre completely misses you.
The two-headed ogre closely misses you. The boulder beetle bites you.
The ogre mage completely misses you.
The two-headed ogre hits you with a +0 giant spiked club!!
The two-headed ogre hits you with a +0 giant club!
You are too injured to fight recklessly!
Unknown command.
Okay, then.
As you read the scroll of teleportation, it crumbles to dust.
You feel strangely unstable.
The two-headed ogre hits you with a +0 giant club!!
* * * LOW HITPOINT WARNING * * *
The two-headed ogre hits you with a +0 giant spiked club.
* * * LOW HITPOINT WARNING * * *
The boulder beetle bites you!!
* * * LOW HITPOINT WARNING * * *
The ogre mage closely misses you. The two-headed ogre barely misses you.
You furiously retaliate!
You headbutt the two-headed ogre! The two-headed ogre barely misses you.
The two-headed ogre completely misses you.
You furiously retaliate!
You headbutt the two-headed ogre!
The two-headed ogre hits you but does no damage.
The boulder beetle bites you.
* * * LOW HITPOINT WARNING * * *
The ogre mage misses you. The ogre barely misses you. You furiously retaliate!
You headbutt the ogre!
The two-headed ogre hits you with a +0 giant club!
You die...

................
###......######
#......#
#.....[#
#......#
#....†.#
#......#
#...O).#
#...O@O#
#...BOO......
#............
#............
#............
#............
#............
#............


You could see a boulder beetle, 3 two-headed ogres, an ogre mage and an ogre.

Vanquished Creatures
  Harold (D:10)
  A boulder beetle (D:14)
  2 hydras
  An ogre mage (D:14)
  A catoblepas (D:14)
  2 centaur warriors
  Erica (D:8)
  2 tengu warriors
  7 two-headed ogres
  3 skeletal warriors (D:11)
  Pikel (D:8)
  An orc knight (Bailey)
  A deep elf pyromancer (D:15)
  3 cyclopes
  6 manticores
  Maurice (D:9)
  3 centaur zombies
  8 ugly things
  Joseph (D:7)
  2 cane toads (shapeshifter)
  4 gargoyles
  A kobold demonologist (D:13)
  2 efreet
  A komodo dragon (D:11)
  2 tengu conjurers
  4 yaktaurs
  3 trolls
  9 slime creatures
  5 wyverns
  15 yaks
  A wraith (D:14)
  2 vampires
  2 shadows (D:11)
  2 water elementals (D:14)
  13 vampire mosquitoes
  A basilisk (D:12)
  Menkaure (D:6)
  A steam dragon (D:9)
  2 water moccasins
  6 orc warriors
  A sky beast (D:7)
  Pargi (D:3)
  An ice beast (D:8)
  A meliai simulacrum (D:14)
  A black bear (D:7)
  A necrophage (D:7)
  4 ogres
  2 centaurs
  4 lemures (D:8)
  A phantom (D:4)
  3 kobold brigands
  2 gnoll sergeants (D:12)
  A bullfrog (D:6)
  A scorpion (D:6)
  A wyvern skeleton (D:7)
  8 howler monkeys
  3 electric eels (D:14)
  A bullfrog zombie (D:5)
  4 hounds
  A jelly (D:6)
  10 orc priests
  2 bullfrog skeletons
  A centaur skeleton (D:7)
  3 iguanas
  17 orc wizards
  A hound skeleton (D:4)
  17 gnolls
  5 adders
  A white imp (D:7)
  An ufetubus (D:6)
  2 worms
  An adder skeleton (D:4)
  2 dart slugs
  79 orcs
  7 endoplasms
  A giant cockroach (D:1)
  7 hobgoblins
  5 jackals
  4 quokkas
  3 ball pythons
  5 bats
  5 frilled lizards
  7 goblins
  15 kobolds
  7 rats
375 creatures vanquished.

Vanquished Creatures (collateral kills)
  An ugly thing (D:14)
  A manticore (D:14)
2 creatures vanquished.

Vanquished Creatures (others)
  An orc wizard (D:9)
  An orc (D:8)
  19 plants (D:14)
  3 withered plants (D:5)
24 creatures vanquished.

Grand Total: 401 creatures vanquished

Notes
Turn   | Place    | Note
-------+----------+-------------------------------------------
     0 | D:1      | cbfl8 the Minotaur Berserker began the quest for the Orb.
     0 | D:1      | Reached XP level 1. HP: 19/19 MP: 0/0
   443 | D:1      | Reached XP level 2. HP: 18/27 MP: 1/1
   791 | D:1      | Found a faded altar of an unknown god.
   897 | D:1      | Reached skill level 4 in Axes
  1373 | D:2      | Reached ** piety under Trog
  1546 | D:2      | Reached XP level 3. HP: 33/33 MP: 2/2
  2089 | D:3      | Found a white marble altar of Elyvilon.
  2165 | D:3      | Noticed Pargi
  2174 | D:3      | Killed Pargi
  2175 | D:3      | Reached skill level 5 in Axes
  2175 | D:3      | Reached skill level 1 in Stealth
  2175 | D:3      | Reached XP level 4. HP: 39/41 MP: 3/3
  2560 | D:3      | Reached XP level 5. HP: 46/47 MP: 4/4
  3438 | D:4      | Reached skill level 5 in Fighting
  3721 | D:4      | Reached XP level 6. HP: 53/56 MP: 5/5
  3942 | D:4      | Reached *** piety under Trog
  4016 | D:4      | Reached skill level 6 in Axes
  4016 | D:4      | Reached XP level 7. HP: 16/61 MP: 6/6
  5246 | D:5      | Entered Level 5 of the Dungeon
  5480 | D:5      | Reached skill level 5 in Armour
  5560 | D:5      | Reached skill level 7 in Axes
  5560 | D:5      | Reached XP level 8. HP: 47/71 MP: 7/7
  5826 | D:5      | Found a runed translucent gate.
  5827 | D:5      | Found a runed translucent gate.
  5828 | D:5      | Found a runed translucent gate.
  5856 | D:5      | Noticed BiteMe's ghost (novice DsVM)
  5857 | D:5      | Noticed DemonSlayer's ghost (amateur DsFE)
  5857 | D:5      | Noticed Agrostarius's ghost (novice DsBe)
  6528 | D:6      | Found a staircase to the Ecumenical Temple.
  6618 | D:6      | Reached skill level 5 in Dodging
  6808 | D:6      | Reached skill level 8 in Axes
  6912 | D:6      | Noticed Menkaure
  6918 | D:6      | Killed Menkaure
  7689 | D:7      | Reached XP level 9. HP: 79/79 MP: 8/8
  7858 | D:7      | Noticed Joseph
  7868 | D:7      | Killed Joseph
  7869 | D:7      | Reached skill level 1 in Evocations
  8447 | D:7      | Found Segiorau's Magic Scroll Emporium.
  8475 | D:7      | Bought 2 scrolls of identify for 56 gold pieces
  8475 | D:7      | Bought a scroll of identify for 28 gold pieces
  8475 | D:7      | Bought a scroll of identify for 28 gold pieces
  9014 | D:8      | Noticed Erica
  9031 | D:8      | Noticed Pikel
  9038 | D:8      | Found the +2 hat of the Bear Spirit {Spirit, *Rage Will++}
  9137 | D:8      | Reached skill level 9 in Axes
  9147 | D:8      | Reached skill level 1 in Shields
  9361 | D:8      | Killed Pikel
  9491 | D:8      | Killed Erica
  9492 | D:8      | Reached XP level 10. HP: 65/90 MP: 7/9
  9843 | D:9      | Noticed Maurice
  9855 | D:9      | Killed Maurice
  9874 | D:9      | Reached **** piety under Trog
  9882 | D:9      | Reached skill level 10 in Axes
  9922 | D:9      | Found a flagged portal.
  9936 | Bailey   | Entered a bailey
 10194 | Bailey   | Noticed an orc knight
 10208 | Bailey   | Killed an orc knight
 10209 | Bailey   | Reached skill level 5 in Stealth
 10621 | D:9      | Found Unaggil's Magic Scroll Boutique.
 10962 | D:9      | Bought a scroll of identify for 22 gold pieces
 10962 | D:9      | Bought a scroll of identify for 22 gold pieces
 10962 | D:9      | Bought a scroll of identify for 22 gold pieces
 11302 | D:9      | Found a staircase to the Orcish Mines.
 12162 | D:10     | Entered Level 10 of the Dungeon
 12168 | D:10     | Reached ***** piety under Trog
 12406 | D:10     | Noticed Harold
 12412 | D:10     | Killed Harold
 12413 | D:10     | Reached skill level 11 in Axes
 12429 | D:10     | Reached XP level 11. HP: 70/99 MP: 7/10
 13566 | D:11     | Reached skill level 10 in Fighting
 13737 | D:11     | Identified the +5 battleaxe of the Shore {flame, +Blink
                  | Will+ rCorr} (Trog gifted it to you on level 11 of the
                  | Dungeon)
 13737 | D:11     | Received a gift from Trog
 13834 | D:11     | Found a portal to a secret trove of treasure.
 13882 | D:11     | Found a staircase to the Lair.
 13907 | D:11     | Found a runed translucent door.
 13914 | D:11     | Noticed a centaur warrior
 13947 | D:11     | Noticed a skeletal warrior
 13948 | D:11     | Noticed a skeletal warrior
 13948 | D:11     | Noticed a skeletal warrior
 13956 | D:11     | Killed a skeletal warrior
 13958 | D:11     | Killed a skeletal warrior
 13960 | D:11     | Killed a skeletal warrior
 14117 | D:11     | Reached skill level 12 in Axes
 14512 | D:11     | Noticed a centaur warrior
 14519 | D:11     | Killed a centaur warrior
 14772 | D:11     | Noticed a two-headed ogre
 14776 | D:11     | Killed a two-headed ogre
 14985 | D:11     | Noticed a cyan ugly thing
 14992 | D:11     | Noticed a tengu reaver
 14994 | D:11     | Noticed a green ugly thing
 14998 | D:11     | Killed a cyan ugly thing
 15378 | D:12     | Noticed a two-headed ogre
 15440 | D:12     | Killed a two-headed ogre
 15441 | D:12     | Reached skill level 5 in Evocations
 15441 | D:12     | Reached XP level 12. HP: 82/110 MP: 8/11
 15463 | D:12     | Found Houwn's Overcharged Wands.
 15549 | D:12     | Reached skill level 10 in Armour
 15554 | D:12     | Found Pemisul's Jewellery Shop.
 15868 | D:12     | Noticed a two-headed ogre
 15870 | D:12     | Killed a two-headed ogre
 15871 | D:12     | Reached skill level 13 in Axes
 16391 | D:12     | Found a runed translucent door.
 16393 | D:12     | Found a runed translucent door.
 16394 | D:12     | Noticed a four-headed hydra
 16396 | D:12     | Found a runed translucent door.
 16396 | D:12     | Noticed a two-headed ogre
 16396 | D:12     | Noticed a boulder beetle
 16396 | D:12     | Noticed a storm dragon
 16396 | D:12     | Noticed a two-headed ogre
 16580 | D:12     | Noticed a six-headed hydra
 16587 | D:12     | Killed a two-headed hydra
 16687 | D:12     | Identified the ring "Vocsis" {rN+ AC+4 Str+4}
 16706 | D:12     | Noticed a tengu warrior
 16713 | D:12     | Killed a tengu warrior
 17672 | D:13     | Reached skill level 14 in Axes
 17731 | D:13     | Noticed a two-headed ogre
 17734 | D:13     | Killed a two-headed ogre
 18059 | D:13     | Noticed a centaur warrior
 18067 | D:13     | Killed a centaur warrior
 18068 | D:13     | Reached XP level 13. HP: 97/119 MP: 9/12
 18634 | D:14     | Identified the +6 scale mail of the Well-Known Towns {Int+4
                  | Stlth+}
 19086 | D:14     | Found a gate to the Vaults.
 19251 | D:14     | Reached skill level 15 in Axes
 19265 | D:14     | Reached skill level 10 in Dodging
 19997 | D:15     | Entered Level 15 of the Dungeon
 20041 | D:15     | Slain by a two-headed ogre

Illustrated notes

Levels and vault maps discovered:
D:1:      giann_horns, layout_basic, shapermc_ecumenical_altar_totnotflames,
          minmay_tromino_i4
D:2:      layout_basic, amcnicky_mini_pool_small, minmay_strange_pillars
D:3:      layout_loops_corners, mainiacjoe_overflow_tiny_flanked,
          ebering_dispersal_statue_hall, kennysheep_generic_room_6, uniq_pargi
D:4:      layout_layer_cave
D:5:      layout_basic, gammafunk_ghost_cemetery, minmay_misc_feat_tower
D:6:      layout_loops_corners, temple_doors_cd, nrook_uturn, uniq_menkaure
D:7:      layout_basic, serial_shops, shop_statue, uniq_joseph
D:8:      layout_rooms, uniq_erica, uniq_pikel
D:9:      layout_basic, hiddenorc2_lemuel, serial_shops, shop, enter_bailey_2,
          uniq_maurice
D:10:     layout_stronghold, uniq_harold
D:11:     layout_roguey, lair_entry_dummy, nicolae_trove_entry_columns,
          lightli_airlock
D:12:     minmay_the_grid_triangle_9x9_line_8_mashed
          [minmay_the_grid_triangle_9x9_sprig,
          minmay_the_grid_triangle_9x9_impossible_snake,
          minmay_the_grid_triangle_9x9_stretched_checkered,
          minmay_the_grid_triangle_9x9_corrupted_corridor,
          minmay_the_grid_triangle_9x9_intruding_spiral,
          minmay_the_grid_triangle_9x9_fully_insulated_deathbox,
          minmay_the_grid_triangle_9x9_semitri,
          minmay_the_grid_triangle_9x9_prize_center], layout_stronghold,
          serial_shops, nicolae_stop_n_shop_2, grunt_ministairs_14,
          hangedman_decor_riveting, nicolae_shop_overcharged_wands
D:13:     layout_rooms
D:14:     layout_cave_pools, david_vaults_2, serial_bayou_lake_a
D:15:     grunt_enter_depths_hoard, layout_gridville, gauntlet_entry_generic,
          serial_glass, glass_columns_a, glass_columns_a, item_on_display_a,
          uniq_jorgrun

Skill      XL: |  1  2  3  4  5  6  7  8  9 10 11 12 13 |
---------------+----------------------------------------+-----
Fighting       | 4 5 6 7 8 9 11 12 13 | 13.5
Axes           | 4 5 6 7 8 9 11 12 14 15 | 15.3
Armour         | 3 4 5 6 8 9 10 11 | 11.2
Stealth        | 1 2 3 4 5 6 7 8 |  8.0
Dodging        | 3 4 5 6 7 8 9 10 | 10.2
Evocations     | 2 3 5 6 |  6.8
Shields        | 1 |  1.3

Action                   |  1- 3 |  4- 6 |  7- 9 | 10-12 | 13-15 || total
-------------------------+-------+-------+-------+-------+-------++-------
Melee: Hand axe          |    69 |    94 |   149 |       |       ||   312
       Headbutt          |    11 |    11 |    40 |    83 |    20 ||   165
       Battleaxe         |       |       |    27 |   432 |    96 ||   555
Invok: Berserk           |     1 |     2 |     4 |     3 |     2 ||    12
       Trog's Hand       |       |       |       |     1 |       ||     1
       Brothers in Arms  |       |       |       |       |     1 ||     1
  Use: Scroll            |       |       |     8 |     7 |     3 ||    18
       Potion            |       |       |     1 |     1 |       ||     2
 Stab: Sleeping          |     3 |       |       |       |       ||     3
Armor: Animal skin       |     7 |       |       |       |       ||     7
       Leather armour    |     1 |       |       |       |       ||     1
       Ring mail         |    12 |    21 |       |       |       ||    33
       Chain mail        |       |    21 |   102 |    80 |       ||   203
       Plate armour      |       |       |       |   178 |    10 ||   188
       Scale mail        |       |       |       |       |    55 ||    55
Dodge: Dodged            |    40 |    45 |   104 |   271 |    65 ||   525
Block: Buckler           |       |       |    13 |       |       ||    13
